 Dungeon Crawl Stone Soup version 0.31-a0-167-g1c394c0614 (webtiles) character file.

Game seed: 11156978034982139942

186 qw the Shooter (level 5, -6/33 HPs)
             Began as a Gargoyle Hunter on June 14, 2023.
             Mangled by a gnoll bouda
             ... wielding a +0 falchion
              (9 damage)
             ... on level 3 of the Dungeon.
             The game lasted 00:01:00 (2400 turns).

qw the Shooter (Gargoyle Hunter)                    Turns: 2400, Time: 00:01:00

Health: -6/33      AC:  7    Str: 14    XL:     5   Next: 66%
Magic:  5/5        EV: 11    Int: 10    God:
Gold:   37         SH:  0    Dex: 15    Spells: 4/4 levels left

rFire   . . .        f - +0 longbow
rCold   . . .        (shield currently unavailable)
rNeg    + . .        c - +0 leather armour
rPois   inf          (no helmet)
rElec   +            g - scarf {repulsion}
rCorr   .            (no gloves)
SInv    .            (no boots)
Will    .....        b - amulet of faith
Stlth   ++           (no ring)
HPRegen 0.25/turn    (no ring)
MPRegen 0.09/turn

%: repel missiles, faith
@: no status effects
A: sickness immunity, AC +4, negative energy resistance 1, electricity
resistance, torment resistance 1, petrification resistance
a: no special abilities


You were on level 3 of the Dungeon.
You visited 1 branch of the dungeon, and saw 3 of its levels.

You collected 130 gold pieces.
You spent 93 gold pieces at shops.


Innate Abilities, Weirdness & Mutations

You are immune to sickness and miasma.
Your stone body is resilient. (AC +4)
You are immune to poison.
You resist negative energy. (rN+)
You are resistant to electric shocks. (rElec)
You are resistant to unholy torment.
You are immune to petrification.


   Skills:
 + Level 3.8 Fighting
 - Level 6.0 Ranged Weapons
 - Level 1.5 Dodging
 - Level 1.1 Stealth


You had 4 spell levels left.
You didn't know any spells.
Your spell library was empty.

Inventory:

Hand Weapons
 f - a +0 longbow (weapon)
Armour
 c - a +0 leather armour (worn)
 g - a scarf of repulsion (worn)
Jewellery
 b - an amulet of faith (around neck)
Scrolls
 e - a scroll of teleportation
 j - 2 scrolls of enchant armour
 l - a scroll of identify
Potions
 a - a potion of attraction {unknown}
 d - a potion of might
 h - a potion of curing {unknown}
 i - a potion of haste {unknown}
 k - a potion of brilliance {unknown}

Dungeon Overview and Level Annotations

Branches:
Dungeon (3/15)

Altars:
Ru

Shops:
D:3 *


Message History

Enter note: A rat comes into view.
Enter note:
Enter note:
Enter note:
Enter note: You shoot an arrow.
The arrow hits the rat!
You kill the rat!
A gnoll bouda comes into view. It is wielding a +0 falchion.
Items here: $ % ( ) ?.
Enter note:
Enter note:
Enter note:
Enter note: You shoot an arrow.
The arrow hits the gnoll bouda but does no damage.
The gnoll bouda barks out a call to the hunt!
A gnoll comes into view. It is wielding a +0 flail.
The gnoll shouts!
You shoot an arrow. The arrow hits the gnoll.
The gnoll is moderately wounded.
You shoot an arrow. The arrow completely misses the gnoll.
A gnoll comes into view. It is wielding a +0 whip.
You shoot an arrow. The gnoll shouts!
The arrow hits the gnoll!
You kill the gnoll!
You shoot an arrow. The arrow hits the gnoll bouda.
The gnoll bouda is moderately wounded.
A dart slug comes into view.
The gnoll bouda hits you with a +0 falchion!
You shoot an arrow. The arrow hits the gnoll bouda!
The gnoll bouda is severely wounded.
The gnoll bouda hits you with a +0 falchion!
You shoot an arrow.
The arrow barely misses the gnoll bouda.
The gnoll bouda hits you with a +0 falchion!
The gnoll barely misses you.
The gnoll bouda hits you with a +0 falchion!
You die...

............#
............#
............# ####
............#####...##
..........##.........#
......#...##.........#
......###............#
. ......
#.#..........# ...
#### #.##....@....#
... #.##....gg...# ..
#. #.........# .
..w......<...#
.............#
........#####..#
####....# #.$ #.... ##


You could see a gnoll bouda, a gnoll (swift) and a dart slug.

Vanquished Creatures
  A water moccasin zombie (D:3)
  2 hound zombies (D:3)
  A gnoll (D:3)
  2 adders
  An adder zombie (D:3)
  An adder skeleton (D:3)
  2 worms (D:2)
  A dart slug (D:2)
  3 bats (D:2)
  5 endoplasms
  A giant cockroach (D:1)
  6 goblins
  8 hobgoblins
  4 quokkas
  7 ball pythons
  2 ball python skeletons (D:3)
  A ball python zombie (D:3)
  6 frilled lizards
  3 kobolds
  2 quokka zombies (D:3)
  4 rats
63 creatures vanquished.

Notes
Turn   | Place    | Note
-------+----------+-------------------------------------------
     0 | D:1      | qw the Gargoyle Hunter began the quest for the Orb.
     0 | D:1      | Reached XP level 1. HP: 12/12 MP: 1/1
     0 | D:1      | 0 ||| qw: Version: 0.2-a-29-g1fa15c8
     0 | D:1      | 0 ||| qw: Game counter: 5142
     0 | D:1      | 0 ||| qw: Always use a shield: true
     0 | D:1      | 0 ||| qw: God list: Okawaru
     0 | D:1      | 0 ||| qw: Allow faded altars: false
     0 | D:1      | 0 ||| qw: Do Orc after D:15 true
     0 | D:1      | 0 ||| qw: Do second Lair branch before Depths: true
     0 | D:1      | 0 ||| qw: Lair rune preference: random
     0 | D:1      | 0 ||| qw: Plans: Normal, Zot:1-4, Slime:5, God:TSO, Crypt,
                  | Tomb, Abyss, Pan, Hells, Win
     0 | D:1      | 0 ||| PLANNING D:1-11
    90 | D:1      | Reached XP level 2. HP: 17/17 MP: 2/2
   506 | D:1      | Reached XP level 3. HP: 21/21 MP: 3/3
   657 | D:1      | Reached skill level 5 in Ranged Weapons
   705 | D:1      | 705 ||| UPGRADING to scarf of repulsion.
   710 | D:1      | 710 ||| READING 2 scrolls labelled ZUFUEGUCSOW.
   711 | D:1      | 711 ||| READING scroll labelled KIXUDU IFFIEMA.
   812 | D:1      | 812 ||| READING scroll labelled MIPRAST KELO.
   815 | D:1      | 815 ||| READING scroll labelled FAVVIYF LUDYU.
   816 | D:1      | 816 ||| DRINKING 2 bubbling golden potions.
   817 | D:1      | 817 ||| DROPPING scroll of fear.
   818 | D:1      | 818 ||| DROPPING scroll of butterflies.
  1056 | D:2      | Found a sacrificial altar of Ru.
  1438 | D:2      | Reached skill level 3 in Fighting
  1492 | D:2      | Reached XP level 4. HP: 25/28 MP: 4/4
  1750 | D:2      | 1750 ||| UPGRADING to amulet of faith.
  1755 | D:2      | 1755 ||| READING scroll labelled MAPUWOVOUB.
  1756 | D:2      | 1756 ||| READING scroll labelled VYSARPHOXTA.
  1757 | D:2      | 1757 ||| READING 3 scrolls labelled IPNEISOSYL.
  1758 | D:2      | 1758 ||| READING scroll labelled YMIB JUATSAMA.
  1792 | D:3      | 1792 ||| STAIRDANCE
  1824 | D:3      | 1824 ||| STAIRDANCE
  1868 | D:3      | 1868 ||| STAIRDANCE
  1909 | D:3      | 1909 ||| STAIRDANCE
  1954 | D:3      | 1954 ||| STAIRDANCE
  1980 | D:3      | 1980 ||| STAIRDANCE
  2010 | D:3      | 2010 ||| STAIRDANCE
  2070 | D:3      | 2070 ||| STAIRDANCE
  2090 | D:3      | 2090 ||| STAIRDANCE
  2101 | D:3      | 2101 ||| STAIRDANCE
  2121 | D:3      | 2121 ||| STAIRDANCE
  2142 | D:3      | Reached XP level 5. HP: 29/32 MP: 5/5
  2143 | D:3      | 2143 ||| STAIRDANCE
  2161 | D:3      | Reached skill level 6 in Ranged Weapons
  2200 | D:3      | Found a faded altar of an unknown god.
  2235 | D:3      | Found Cissom's General Store.
  2251 | D:3      | 2251 ||| BUYING +0 longbow (71 gold).
  2251 | D:3      | Bought a +0 longbow for 71 gold pieces
  2251 | D:3      | 2251 ||| BUYING scroll of identify (22 gold).
  2251 | D:3      | Bought a scroll of identify for 22 gold pieces
  2251 | D:3      | 2251 ||| UPGRADING to +0 longbow.
  2252 | D:3      | 2252 ||| DROPPING +1 shortbow.
  2400 | D:3      | HP: 3/33 [gnoll bouda/+0 falchion (10)]
  2400 | D:3      | Mangled by a gnoll bouda

Levels and vault maps discovered:
D:1:      matt_arrival_diagonals, layout_basic, serial_corexii_hall,
          corexii_hall_statues_x, corexii_hall_statues_i,
          chequers_hall_statues_wall_a, corexii_hall_statues_t,
          chequers_hall_statues_corner_a, corexii_hall_statues_x, minivault_27
D:2:      layout_loops_corners, basic_altar, minmay_bisected
D:3:      layout_basic, serial_shops, shop, serial_undead, serial_undead_c,
          serial_undead_e, serial_undead_c, serial_undead_a, serial_undead_a,
          serial_undead_c, serial_undead_f, serial_undead_d,
          ebering_ecumenical_altar_rust, nicolae_grassy_gnolls

Skill      XL: |  1  2  3  4  5 |
---------------+----------------+-----
Ranged Weapons | 5 6 |  6.0
Fighting       | 3 |  3.8
Dodging        | |  1.5
Stealth        | |  1.1

Action                     |  1- 3 |  4- 6 || total
---------------------------+-------+-------++-------
   Fire: Shortbow          |   118 |    65 ||   183
         Longbow           |       |    12 ||    12
    Use: Scroll            |     4 |     4 ||     8
         Potion            |     1 |       ||     1
 Armour: Leather armour    |     5 |    78 ||    83
  Dodge: Dodged            |    17 |   113 ||   130

Table legend:
 A = Non-vault XP
 B = Vault XP
 C = Vault XP percentage of total XP
 D = Non-vault monster count
 E = Vault monster count
 F = Vault count percentage of total count
                 A         B        C        D         E       F
            +---------+---------+-------+---------+---------+-------
      Total |      99 |     168 |  62.9 |      48 |      15 |  23.8
            +---------+---------+-------+---------+---------+-------
        D:1 |      39 |       0 |   0.0 |      23 |       0 |   0.0
        D:2 |      34 |      19 |  35.8 |      16 |       4 |  20.0
        D:3 |      26 |     149 |  85.1 |       9 |      11 |  55.0
            +---------+---------+-------+---------+---------+-------
